[ PARTIDA AOE2 · #479873821 ]
UnrankedMaya vs Spanish
[ ANÁLISIS DE REPETICIÓN · EXTRAÍDO DE LA PARTIDA GRABADA ]
Feudal
13:23
Castillos
17:18
Imperial
—
| APM promedio | 46.7 |
| APM pico | 102 |
| eAPM promedio | 23.5 |
| Aldeanos / militares | 108 / 37 |
Foco
⚔️ 39.0% · 🌾 61.0%
Plumed Archer ×35 · Monk ×2
Feudal
13:01
Castillos
16:36
Imperial
—
| APM promedio | 73.4 |
| APM pico | 209 |
| eAPM promedio | 34.0 |
| Aldeanos / militares | 89 / 17 |
Foco
⚔️ 60.0% · 🌾 40.0%
Conquistador ×11 · Mangonel ×5 · Battering Ram ×1
Feudal
14:06
Castillos
17:38
Imperial
—
| APM promedio | 40.5 |
| APM pico | 70 |
| eAPM promedio | 20.0 |
| Aldeanos / militares | 79 / 18 |
Foco
⚔️ 27.2% · 🌾 72.8%
Conquistador ×18
Feudal
11:37
Castillos
23:48
Imperial
—
| APM promedio | 32.1 |
| APM pico | 75 |
| eAPM promedio | 11.3 |
| Aldeanos / militares | 56 / 18 |
Foco
⚔️ 25.6% · 🌾 74.4%
Scout Cavalry ×12 · Knight ×6
Feudal
13:24
Castillos
16:54
Imperial
—
| APM promedio | 60.6 |
| APM pico | 110 |
| eAPM promedio | 31.9 |
| Aldeanos / militares | 106 / 12 |
Foco
⚔️ 23.3% · 🌾 76.7%
Skirmisher ×7 · Scout Cavalry ×4 · Cavalry Archer ×1
Feudal
12:26
Castillos
15:58
Imperial
—
| APM promedio | 31.3 |
| APM pico | 58 |
| eAPM promedio | 15.0 |
| Aldeanos / militares | 78 / 32 |
Foco
⚔️ 25.3% · 🌾 74.7%
Mangudai ×22 · Battering Ram ×7 · Scorpion ×3
Feudal
13:11
Castillos
16:47
Imperial
—
| APM promedio | 56.8 |
| APM pico | 99 |
| eAPM promedio | 25.2 |
| Aldeanos / militares | 126 / 54 |
Foco
⚔️ 35.4% · 🌾 64.6%
Bolas Rider ×50 · Skirmisher ×2 · Archer ×1 · Spearman ×1
Feudal
13:12
Castillos
16:48
Imperial
—
| APM promedio | 47.4 |
| APM pico | 99 |
| eAPM promedio | 19.5 |
| Aldeanos / militares | 51 / 23 |
Foco
⚔️ 31.1% · 🌾 68.9%
Rattan Archer ×20 · Mangonel ×3
Mapa de la partida
Recursos iniciales + cada clic de construcción. Líneas = muros · curvas = relieve. ◆ oro · ⬟ piedra · ● bayas · ✦ reliquia · ◌ hueco del cierre
Tu base· Abierta — flanco sin cerrar
Base de b站帝国时代2骑士老爷· Abierta — flanco sin cerrar
Base de Stratioti· Abierta — hueco de 12t
Base de 雕牌洗衣粉· Abierta — hueco de 6t
Base de Zionic· Abierta — flanco sin cerrar
Base de IOCQ· Abierta — flanco sin cerrar
Base de DugTheDog· Abierta — hueco de 13t
Base de PIGGY FOR AGE· Abierta — hueco de 10t
Terreno inicial suavizado · ◌ = hueco del cierre detectado · pasá el cursor para detalles
Inputs por minuto
— T - - b站帝国时代2骑士老爷
Build order — T
Primeras 150 de 197 acciones detectadas
| 0:37 | Construir | Town Center |
| 2:34 | Construir | House |
| 2:51 | Crear | Villager (Male) ×3 |
| 2:52 | Crear | Villager (Male) ×3 |
| 3:36 | Crear | Villager (Male) |
| 4:19 | Crear | Villager (Male) |
| 4:19 | Crear | Villager (Male) |
| 4:27 | Construir | House |
| 4:46 | Crear | Villager (Male) |
| 5:05 | Crear | Villager (Male) |
| 5:05 | Crear | Villager (Male) |
| 5:15 | Crear | Villager (Male) |
| 5:15 | Crear | Villager (Male) |
| 5:20 | Construir | Lumber Camp |
| 5:27 | Construir | House |
| 5:38 | Construir | House |
| 5:59 | Crear | Villager (Male) |
| 5:59 | Crear | Villager (Male) |
| 6:10 | Crear | Villager (Male) |
| 6:10 | Crear | Villager (Male) |
| 6:10 | Crear | Villager (Male) |
| 6:31 | Construir | House |
| 6:49 | Crear | Villager (Male) |
| 7:13 | Construir | House |
| 7:16 | Construir | House |
| 7:41 | Crear | Villager (Male) |
| 8:00 | Crear | Villager (Male) |
| 8:21 | Construir | Mill |
| 8:27 | Construir | House |
| 8:29 | Construir | Palisade Wall |
| 8:40 | Crear | Villager (Male) |
| 9:02 | Construir | Palisade Wall |
| 9:08 | Crear | Villager (Male) |
| 9:08 | Crear | Villager (Male) |
| 9:28 | Construir | House |
| 9:30 | Construir | Palisade Wall |
| 9:54 | Crear | Villager (Male) |
| 9:54 | Crear | Villager (Male) |
| 9:55 | Crear | Villager (Male) |
| 10:00 | Construir | Mining Camp |
| 10:45 | Investigar | Loom |
| 10:46 | Investigar | Feudal Age |
| 11:17 | Construir | Mining Camp |
| 12:55 | Crear | Villager (Male) |
| 12:56 | Crear | Villager (Male) |
| 13:23 | Edad | Edad Feudal |
| 13:26 | Construir | Market |
| 13:30 | Construir | Blacksmith |
| 13:40 | Construir | House |
| 13:55 | Construir | Palisade Wall |
| 14:00 | Construir | Palisade Wall |
| 14:03 | Construir | Palisade Wall |
| 14:05 | Construir | Palisade Wall |
| 14:07 | Construir | Palisade Wall |
| 14:17 | Investigar | Double-Bit Axe |
| 14:38 | Investigar | Castle Age |
| 14:38 | Investigar | Castle Age |
| 16:28 | Crear | Villager (Male) |
| 16:34 | Construir | Palisade Wall |
| 17:18 | Edad | Edad de los Castillos |
| 17:19 | Investigar | Bow Saw |
| 17:22 | Investigar | Fletching |
| 17:22 | Investigar | Fletching |
| 17:22 | Investigar | Forging |
| 17:36 | Construir | Castle |
| 18:09 | Crear | Villager (Male) |
| 18:18 | Crear | Villager (Male) |
| 18:31 | Construir | Monastery |
| 18:44 | Crear | Villager (Male) |
| 18:54 | Crear | Villager (Male) ×2 |
| 18:56 | Crear | Plumed Archer |
| 18:56 | Crear | Plumed Archer |
| 18:56 | Crear | Plumed Archer |
| 18:57 | Crear | Plumed Archer |
| 19:18 | Construir | Town Center |
| 19:26 | Crear | Monk |
| 19:35 | Construir | Stone Wall |
| 19:37 | Crear | Plumed Archer |
| 19:51 | Construir | House |
| 19:52 | Construir | House |
| 20:02 | Crear | Villager (Male) |
| 20:13 | Investigar | Horse Collar |
| 20:13 | Investigar | Horse Collar |
| 20:17 | Construir | Farm |
| 20:17 | Construir | Farm |
| 20:18 | Construir | Farm |
| 20:21 | Crear | Monk |
| 20:22 | Crear | Villager (Male) |
| 20:23 | Crear | Villager (Male) |
| 20:28 | Crear | Plumed Archer |
| 20:28 | Crear | Plumed Archer |
| 20:30 | Crear | Villager (Male) |
| 20:31 | Crear | Villager (Male) |
| 20:48 | Construir | Farm |
| 20:49 | Construir | Farm |
| 21:00 | Construir | House |
| 21:22 | Crear | Villager (Male) ×4 |
| 21:23 | Crear | Villager (Male) ×4 |
| 21:40 | Crear | Plumed Archer |
| 21:40 | Crear | Plumed Archer |
| 21:43 | Construir | House |
| 21:47 | Construir | Stone Wall |
| 22:05 | Crear | Villager (Male) ×4 |
| 22:11 | Construir | House |
| 22:22 | Crear | Plumed Archer |
| 22:22 | Crear | Plumed Archer |
| 22:24 | Crear | Villager (Male) |
| 22:25 | Crear | Villager (Male) |
| 22:30 | Construir | Lumber Camp |
| 22:44 | Construir | Stone Wall |
| 22:52 | Construir | Stone Wall |
| 22:57 | Crear | Villager (Male) ×4 |
| 23:21 | Construir | House |
| 23:23 | Crear | Plumed Archer |
| 23:24 | Crear | Plumed Archer |
| 23:26 | Crear | Villager (Male) ×2 |
| 23:30 | Construir | Farm |
| 23:42 | Crear | Plumed Archer |
| 23:53 | Construir | Mill |
| 24:06 | Construir | Farm |
| 24:06 | Construir | Farm |
| 24:10 | Construir | Stone Wall |
| 24:14 | Investigar | Gold Mining |
| 24:15 | Investigar | Gold Mining |
| 24:29 | Crear | Villager (Male) |
| 24:30 | Crear | Villager (Male) |
| 24:30 | Crear | Villager (Male) |
| 24:41 | Crear | Plumed Archer |
| 24:41 | Crear | Plumed Archer |
| 24:41 | Crear | Plumed Archer |
| 24:47 | Crear | Villager (Male) |
| 25:07 | Investigar | Stone Mining |
| 25:20 | Crear | Villager (Male) ×3 |
| 25:26 | Construir | Farm |
| 25:27 | Construir | Farm |
| 25:32 | Construir | Mining Camp |
| 25:38 | Investigar | Bodkin Arrow |
| 25:38 | Investigar | Bodkin Arrow |
| 25:42 | Crear | Villager (Male) |
| 25:47 | Investigar | Padded Archer Armor |
| 25:47 | Investigar | Padded Archer Armor |
| 25:48 | Construir | Lumber Camp |
| 26:01 | Crear | Plumed Archer |
| 26:01 | Crear | Plumed Archer |
| 26:02 | Crear | Villager (Male) ×2 |
| 26:08 | Crear | Villager (Male) |
| 26:16 | Construir | Mining Camp |
| 26:21 | Construir | House |
| 26:22 | Construir | House |
| 26:23 | Construir | House |
Build order — b站帝国时代2骑士老爷
Primeras 150 de 206 acciones detectadas
| 0:32 | Construir | Town Center |
| 0:56 | Construir | House |
| 1:36 | Construir | House |
| 1:47 | Construir | House |
| 1:56 | Construir | House |
| 2:30 | Crear | Villager (Male) |
| 2:30 | Crear | Villager (Male) |
| 2:31 | Crear | Villager (Male) |
| 2:31 | Crear | Villager (Male) |
| 3:26 | Construir | House |
| 3:33 | Construir | House |
| 3:39 | Construir | House |
| 3:43 | Crear | Villager (Male) |
| 4:27 | Construir | House |
| 4:29 | Construir | House |
| 4:32 | Crear | Villager (Male) |
| 4:41 | Crear | Villager (Male) |
| 4:41 | Crear | Villager (Male) |
| 4:45 | Construir | Lumber Camp |
| 4:51 | Construir | House |
| 4:56 | Crear | Villager (Male) |
| 5:24 | Crear | Villager (Male) |
| 5:24 | Crear | Villager (Male) |
| 5:34 | Construir | Palisade Wall |
| 6:03 | Crear | Villager (Male) |
| 6:29 | Crear | Villager (Male) |
| 6:30 | Crear | Villager (Male) |
| 6:30 | Crear | Villager (Male) |
| 6:58 | Crear | Villager (Male) |
| 7:25 | Crear | Villager (Male) |
| 7:33 | Construir | House |
| 7:44 | Construir | House |
| 7:55 | Construir | House |
| 8:12 | Construir | House |
| 8:14 | Crear | Villager (Male) |
| 8:20 | Construir | House |
| 8:37 | Crear | Villager (Male) |
| 8:57 | Crear | Villager (Male) |
| 9:23 | Crear | Villager (Male) |
| 9:26 | Crear | Villager (Male) |
| 9:41 | Construir | Palisade Wall |
| 10:08 | Construir | Mining Camp |
| 10:24 | Investigar | Loom |
| 10:32 | Construir | Mill |
| 10:47 | Investigar | Feudal Age |
| 11:59 | Crear | Villager (Male) |
| 11:59 | Crear | Villager (Male) |
| 13:01 | Edad | Edad Feudal |
| 13:02 | Construir | Market |
| 13:05 | Construir | Blacksmith |
| 13:06 | Investigar | Double-Bit Axe |
| 13:09 | Investigar | Town Watch |
| 13:31 | Construir | Palisade Wall |
| 13:56 | Investigar | Castle Age |
| 14:13 | Construir | House |
| 14:16 | Construir | House |
| 14:22 | Construir | House |
| 14:24 | Construir | House |
| 15:13 | Construir | Outpost |
| 15:19 | Construir | Outpost |
| 15:23 | Construir | Outpost |
| 16:01 | Crear | Villager (Male) |
| 16:01 | Crear | Villager (Male) |
| 16:36 | Edad | Edad de los Castillos |
| 16:55 | Construir | Town Center |
| 17:23 | Investigar | Gold Mining |
| 17:25 | Crear | Villager (Male) |
| 17:29 | Crear | Villager (Male) |
| 17:42 | Crear | Villager (Male) |
| 17:43 | Crear | Villager (Male) |
| 17:44 | Crear | Villager (Male) |
| 17:55 | Construir | Castle |
| 18:06 | Crear | Villager (Male) |
| 18:42 | Crear | Villager (Male) |
| 18:43 | Crear | Villager (Male) |
| 18:44 | Crear | Villager (Male) |
| 18:59 | Crear | Conquistador |
| 18:59 | Crear | Conquistador |
| 18:59 | Crear | Conquistador |
| 19:19 | Crear | Villager (Male) |
| 19:37 | Construir | Outpost |
| 19:43 | Crear | Villager (Male) |
| 19:52 | Construir | Mill |
| 19:58 | Crear | Conquistador |
| 20:10 | Crear | Conquistador |
| 20:13 | Crear | Villager (Male) |
| 20:16 | Construir | Outpost |
| 20:32 | Construir | House |
| 20:33 | Construir | House |
| 20:35 | Construir | House |
| 20:37 | Crear | Villager (Male) |
| 20:38 | Crear | Villager (Male) |
| 20:45 | Crear | Conquistador |
| 20:56 | Construir | Siege Workshop |
| 21:07 | Crear | Villager (Male) |
| 21:07 | Crear | Villager (Male) |
| 21:14 | Construir | Mill |
| 21:17 | Crear | Villager (Male) |
| 21:17 | Crear | Villager (Male) |
| 21:36 | Crear | Mangonel |
| 21:38 | Crear | Villager (Male) |
| 21:38 | Crear | Villager (Male) |
| 21:38 | Crear | Villager (Male) |
| 21:56 | Crear | Mangonel |
| 21:57 | Crear | Villager (Male) |
| 21:57 | Crear | Villager (Male) |
| 22:32 | Crear | Villager (Male) |
| 22:33 | Crear | Villager (Male) |
| 22:33 | Crear | Conquistador |
| 22:33 | Crear | Conquistador |
| 22:34 | Crear | Villager (Male) |
| 22:44 | Crear | Villager (Male) |
| 22:45 | Crear | Villager (Male) |
| 22:46 | Construir | House |
| 22:47 | Construir | House |
| 22:47 | Construir | House |
| 22:47 | Construir | House |
| 22:58 | Crear | Villager (Male) |
| 22:59 | Crear | Villager (Male) |
| 23:11 | Crear | Mangonel |
| 23:12 | Crear | Villager (Male) |
| 23:13 | Crear | Villager (Male) |
| 23:23 | Construir | Mill |
| 23:37 | Crear | Villager (Male) |
| 23:38 | Investigar | Wheelbarrow |
| 23:50 | Crear | Conquistador |
| 24:28 | Crear | Villager (Male) |
| 24:29 | Crear | Mangonel |
| 24:30 | Crear | Villager (Male) |
| 24:32 | Construir | House |
| 24:33 | Construir | House |
| 24:33 | Construir | House |
| 26:20 | Crear | Villager (Male) |
| 26:21 | Crear | Villager (Male) |
| 26:21 | Crear | Villager (Male) |
| 26:22 | Crear | Villager (Male) |
| 26:22 | Investigar | Padded Archer Armor |
| 26:31 | Crear | Mangonel |
| 27:02 | Crear | Battering Ram |
| 27:10 | Crear | Villager (Male) |
| 27:11 | Crear | Villager (Male) |
| 27:11 | Crear | Villager (Male) |
| 27:13 | Construir | House |
| 27:14 | Construir | House |
| 27:17 | Construir | Town Center |
| 27:23 | Construir | Barracks |
| 27:40 | Construir | Monastery |
| 28:02 | Crear | Villager (Male) |
| 28:03 | Investigar | Hand Cart |
| 28:04 | Crear | Villager (Male) |
Build order — Stratioti
Primeras 150 de 223 acciones detectadas
| 0:50 | Construir | Town Center |
| 3:01 | Construir | House |
| 3:10 | Crear | Villager (Male) |
| 3:11 | Crear | Villager (Male) |
| 3:11 | Crear | Villager (Male) |
| 3:11 | Crear | Villager (Male) |
| 3:12 | Crear | Villager (Male) |
| 4:05 | Construir | Palisade Wall |
| 4:06 | Crear | Villager (Male) |
| 4:09 | Construir | Palisade Wall |
| 4:13 | Construir | Palisade Wall |
| 4:19 | Construir | Palisade Wall |
| 4:22 | Construir | Palisade Wall |
| 4:25 | Construir | Palisade Wall |
| 4:28 | Construir | Palisade Wall |
| 4:33 | Construir | Palisade Wall |
| 4:40 | Crear | Villager (Male) |
| 4:40 | Crear | Villager (Male) |
| 5:07 | Crear | Villager (Male) |
| 5:11 | Construir | House |
| 5:31 | Crear | Villager (Male) |
| 5:31 | Crear | Villager (Male) |
| 5:51 | Crear | Villager (Male) |
| 5:51 | Crear | Villager (Male) |
| 6:25 | Crear | Villager (Male) |
| 6:25 | Crear | Villager (Male) |
| 6:36 | Construir | Lumber Camp |
| 6:41 | Crear | Villager (Male) |
| 7:19 | Crear | Villager (Male) |
| 7:19 | Crear | Villager (Male) |
| 7:19 | Crear | Villager (Male) |
| 7:26 | Construir | House |
| 7:29 | Construir | Palisade Wall |
| 7:30 | Crear | Villager (Male) |
| 7:30 | Crear | Villager (Male) |
| 7:39 | Construir | House |
| 7:49 | Crear | Villager (Male) |
| 7:56 | Crear | Villager (Male) |
| 7:56 | Crear | Villager (Male) |
| 8:13 | Construir | Palisade Wall |
| 8:19 | Construir | Palisade Wall |
| 8:29 | Construir | Palisade Wall |
| 8:32 | Crear | Villager (Male) |
| 8:32 | Crear | Villager (Male) |
| 8:33 | Crear | Villager (Male) |
| 9:10 | Crear | Villager (Male) |
| 9:16 | Construir | House |
| 9:35 | Construir | Mill |
| 9:36 | Crear | Villager (Male) |
| 9:53 | Crear | Villager (Male) |
| 10:19 | Construir | Palisade Wall |
| 10:21 | Construir | Palisade Wall |
| 10:24 | Construir | Palisade Wall |
| 10:42 | Crear | Villager (Male) |
| 11:25 | Investigar | Feudal Age |
| 11:42 | Investigar | Loom |
| 12:03 | Construir | Mining Camp |
| 13:03 | Construir | Palisade Wall |
| 13:09 | Construir | Palisade Wall |
| 13:26 | Crear | Villager (Male) |
| 14:06 | Edad | Edad Feudal |
| 14:11 | Construir | Market |
| 14:14 | Construir | Blacksmith |
| 14:35 | Construir | Mining Camp |
| 14:47 | Construir | Palisade Wall |
| 14:58 | Investigar | Castle Age |
| 14:58 | Investigar | Castle Age |
| 15:14 | Investigar | Double-Bit Axe |
| 15:14 | Investigar | Horse Collar |
| 15:14 | Investigar | Horse Collar |
| 15:20 | Construir | Palisade Wall |
| 15:38 | Investigar | Stone Mining |
| 16:23 | Construir | House |
| 16:54 | Construir | House |
| 17:27 | Construir | Palisade Wall |
| 17:30 | Crear | Villager (Male) |
| 17:38 | Edad | Edad de los Castillos |
| 17:41 | Crear | Villager (Male) |
| 18:11 | Crear | Villager (Male) |
| 18:34 | Crear | Villager (Male) |
| 18:34 | Crear | Villager (Male) |
| 18:49 | Construir | Castle |
| 18:53 | Crear | Villager (Male) |
| 18:53 | Crear | Villager (Male) |
| 19:11 | Crear | Villager (Male) |
| 19:13 | Construir | Farm |
| 19:14 | Construir | Farm |
| 19:15 | Construir | Farm |
| 19:17 | Construir | Farm |
| 19:18 | Construir | Farm |
| 19:19 | Construir | Farm |
| 19:26 | Construir | House |
| 19:28 | Construir | Palisade Wall |
| 19:52 | Crear | Conquistador |
| 19:53 | Crear | Conquistador |
| 19:56 | Construir | Palisade Wall |
| 20:00 | Construir | House |
| 20:02 | Construir | Palisade Wall |
| 20:02 | Construir | Palisade Wall |
| 20:06 | Crear | Villager (Male) |
| 20:24 | Construir | Mill |
| 20:33 | Crear | Villager (Male) |
| 20:40 | Construir | House |
| 20:41 | Crear | Villager (Male) |
| 20:47 | Construir | House |
| 20:52 | Crear | Conquistador |
| 20:52 | Crear | Conquistador |
| 21:10 | Crear | Villager (Male) |
| 21:13 | Construir | House |
| 21:36 | Construir | Town Center |
| 21:37 | Crear | Villager (Male) |
| 21:37 | Crear | Villager (Male) |
| 21:55 | Crear | Villager (Male) |
| 22:09 | Construir | House |
| 22:09 | Construir | House |
| 22:10 | Crear | Villager (Male) |
| 22:18 | Crear | Conquistador |
| 22:19 | Crear | Conquistador |
| 22:26 | Crear | Villager (Male) |
| 22:26 | Crear | Villager (Male) |
| 22:42 | Crear | Conquistador |
| 22:48 | Crear | Villager (Male) |
| 22:56 | Crear | Villager (Male) |
| 23:02 | Construir | House |
| 23:04 | Construir | House |
| 23:20 | Construir | Mill |
| 23:34 | Crear | Villager (Male) |
| 23:36 | Construir | House |
| 23:36 | Construir | House |
| 23:37 | Construir | House |
| 23:37 | Construir | House |
| 23:37 | Construir | House |
| 23:39 | Construir | House |
| 23:48 | Crear | Conquistador |
| 23:54 | Crear | Conquistador |
| 24:04 | Crear | Villager (Male) |
| 24:11 | Crear | Villager (Male) |
| 24:13 | Construir | Farm |
| 24:14 | Construir | Farm |
| 24:14 | Construir | Farm |
| 24:30 | Construir | Watch Tower |
| 24:48 | Crear | Conquistador |
| 24:56 | Crear | Villager (Male) |
| 25:31 | Crear | Villager (Male) |
| 25:39 | Crear | Villager (Male) |
| 25:39 | Crear | Villager (Male) |
| 25:42 | Construir | Farm |
| 25:42 | Construir | Farm |
| 25:44 | Construir | Farm |
| 25:46 | Construir | Farm |
Build order — 雕牌洗衣粉
134 acciones detectadas en el replay
| 0:08 | Construir | Town Center |
| 2:47 | Investigar | Loom |
| 2:48 | Investigar | Loom |
| 3:36 | Crear | Villager (Male) |
| 3:36 | Crear | Villager (Male) |
| 3:36 | Crear | Villager (Male) |
| 3:57 | Crear | Villager (Male) |
| 3:58 | Crear | Villager (Male) |
| 4:21 | Crear | Villager (Male) |
| 4:22 | Crear | Villager (Male) |
| 4:28 | Construir | House |
| 4:38 | Crear | Villager (Male) |
| 4:38 | Crear | Villager (Male) |
| 4:41 | Construir | House |
| 5:07 | Construir | Lumber Camp |
| 5:08 | Crear | Villager (Male) |
| 5:08 | Crear | Villager (Male) |
| 5:30 | Crear | Villager (Male) |
| 5:31 | Crear | Villager (Male) |
| 5:41 | Crear | Villager (Male) |
| 5:41 | Crear | Villager (Male) |
| 6:26 | Crear | Villager (Male) |
| 6:27 | Crear | Villager (Male) |
| 6:28 | Crear | Villager (Male) |
| 6:28 | Crear | Villager (Male) |
| 6:28 | Crear | Villager (Male) |
| 6:30 | Construir | House |
| 7:32 | Construir | Mill |
| 7:38 | Crear | Villager (Male) |
| 8:03 | Crear | Villager (Male) |
| 8:04 | Crear | Villager (Male) |
| 8:04 | Crear | Villager (Male) |
| 8:25 | Crear | Villager (Male) |
| 9:02 | Crear | Villager (Male) |
| 9:25 | Investigar | Feudal Age |
| 9:39 | Construir | Barracks |
| 9:51 | Construir | House |
| 10:11 | Crear | Villager (Male) |
| 11:37 | Edad | Edad Feudal |
| 11:41 | Construir | Stable |
| 11:43 | Investigar | Double-Bit Axe |
| 11:44 | Investigar | Double-Bit Axe |
| 11:52 | Crear | Villager (Male) |
| 12:16 | Construir | House |
| 12:20 | Crear | Villager (Male) |
| 12:22 | Crear | Scout Cavalry |
| 12:22 | Crear | Scout Cavalry |
| 12:22 | Crear | Scout Cavalry |
| 12:36 | Construir | Stable |
| 12:42 | Construir | House |
| 12:47 | Crear | Villager (Male) |
| 13:01 | Construir | House |
| 13:03 | Construir | Palisade Wall |
| 13:08 | Crear | Villager (Male) |
| 13:30 | Crear | Scout Cavalry |
| 13:31 | Crear | Scout Cavalry |
| 13:32 | Crear | Scout Cavalry |
| 13:33 | Crear | Villager (Male) |
| 13:43 | Construir | Blacksmith |
| 13:48 | Crear | Scout Cavalry |
| 13:50 | Crear | Villager (Male) |
| 14:08 | Construir | Mill |
| 14:13 | Crear | Scout Cavalry |
| 14:17 | Crear | Villager (Male) |
| 14:22 | Construir | House |
| 14:36 | Construir | Farm |
| 14:49 | Crear | Villager (Male) |
| 15:13 | Construir | Farm |
| 15:17 | Crear | Villager (Male) |
| 15:21 | Investigar | Forging |
| 15:21 | Investigar | Forging |
| 15:38 | Crear | Villager (Male) |
| 15:38 | Crear | Villager (Male) |
| 16:04 | Construir | Farm |
| 16:34 | Crear | Villager (Male) |
| 16:36 | Construir | Farm |
| 16:38 | Construir | Farm |
| 16:43 | Crear | Scout Cavalry |
| 16:43 | Crear | Scout Cavalry |
| 16:46 | Investigar | Scale Barding Armor |
| 16:47 | Investigar | Scale Barding Armor |
| 17:37 | Crear | Villager (Male) |
| 17:39 | Construir | Farm |
| 17:41 | Construir | Farm |
| 17:44 | Construir | Farm |
| 18:00 | Crear | Scout Cavalry |
| 18:00 | Crear | Scout Cavalry |
| 18:21 | Crear | Villager (Male) |
| 18:22 | Crear | Villager (Male) |
| 18:37 | Crear | Villager (Male) |
| 18:44 | Crear | Villager (Male) |
| 19:50 | Construir | Farm |
| 19:52 | Construir | Farm |
| 19:52 | Construir | Farm |
| 19:54 | Construir | Farm |
| 19:59 | Construir | Farm |
| 20:00 | Crear | Villager (Male) |
| 20:41 | Construir | House |
| 20:42 | Construir | House |
| 20:45 | Construir | House |
| 20:47 | Construir | House |
| 20:58 | Construir | House |
| 21:02 | Construir | House |
| 21:08 | Investigar | Castle Age |
| 21:09 | Investigar | Castle Age |
| 22:38 | Construir | House |
| 23:23 | Construir | Watch Tower |
| 23:48 | Edad | Edad de los Castillos |
| 24:07 | Investigar | Wheelbarrow |
| 24:07 | Investigar | Wheelbarrow |
| 24:15 | Construir | Mining Camp |
| 24:20 | Investigar | Bloodlines |
| 24:23 | Investigar | Husbandry |
| 24:23 | Crear | Knight |
| 24:23 | Crear | Knight |
| 24:26 | Crear | Villager (Male) |
| 25:34 | Construir | Market |
| 25:39 | Crear | Knight |
| 25:39 | Crear | Knight |
| 25:44 | Crear | Villager (Male) |
| 26:33 | Construir | Town Center |
| 26:35 | Crear | Villager (Male) |
| 26:37 | Construir | Farm |
| 26:46 | Crear | Knight |
| 26:46 | Crear | Knight |
| 26:47 | Crear | Villager (Male) |
| 27:25 | Crear | Villager (Male) |
| 27:26 | Crear | Villager (Male) |
| 27:31 | Crear | Villager (Male) |
| 27:32 | Crear | Villager (Male) |
| 28:18 | Crear | Villager (Male) |
| 28:22 | Construir | Farm |
| 28:50 | Crear | Villager (Male) |
| 28:51 | Crear | Villager (Male) |
Build order — Zionic
Primeras 150 de 225 acciones detectadas
| 0:16 | Construir | Town Center |
| 1:27 | Construir | Palisade Wall |
| 1:30 | Construir | Palisade Wall |
| 1:34 | Construir | Palisade Wall |
| 2:22 | Construir | House |
| 2:26 | Crear | Villager (Male) |
| 2:28 | Crear | Villager (Male) |
| 2:28 | Crear | Villager (Male) |
| 2:28 | Crear | Villager (Male) |
| 2:28 | Crear | Villager (Male) |
| 3:42 | Crear | Villager (Male) |
| 3:42 | Crear | Villager (Male) |
| 4:14 | Construir | Lumber Camp |
| 4:23 | Crear | Villager (Male) |
| 4:23 | Crear | Villager (Male) |
| 4:41 | Construir | House |
| 4:51 | Crear | Villager (Male) |
| 4:51 | Crear | Villager (Male) |
| 4:52 | Crear | Villager (Male) |
| 5:21 | Crear | Villager (Male) |
| 5:37 | Construir | House |
| 5:56 | Construir | House |
| 6:04 | Construir | House |
| 6:14 | Crear | Villager (Male) |
| 6:38 | Crear | Villager (Male) |
| 6:38 | Crear | Villager (Male) |
| 7:09 | Construir | House |
| 7:23 | Crear | Villager (Male) |
| 7:30 | Crear | Villager (Male) |
| 7:30 | Crear | Villager (Male) |
| 7:48 | Crear | Villager (Male) |
| 7:55 | Construir | House |
| 8:09 | Construir | House |
| 8:26 | Crear | Villager (Male) |
| 8:31 | Construir | House |
| 8:39 | Crear | Villager (Male) |
| 9:04 | Construir | House |
| 9:15 | Crear | Villager (Male) |
| 9:22 | Construir | House |
| 9:31 | Construir | Mill |
| 9:35 | Crear | Villager (Male) |
| 9:38 | Construir | House |
| 9:59 | Crear | Villager (Male) |
| 10:11 | Investigar | Loom |
| 11:09 | Investigar | Feudal Age |
| 11:09 | Investigar | Feudal Age |
| 11:09 | Investigar | Feudal Age |
| 12:16 | Construir | Barracks |
| 12:46 | Crear | Villager (Male) |
| 12:46 | Crear | Villager (Male) |
| 13:24 | Edad | Edad Feudal |
| 13:26 | Construir | Stable |
| 13:28 | Construir | Blacksmith |
| 14:14 | Investigar | Castle Age |
| 14:15 | Investigar | Castle Age |
| 14:15 | Investigar | Castle Age |
| 14:24 | Construir | House |
| 14:27 | Construir | Palisade Wall |
| 14:32 | Investigar | Double-Bit Axe |
| 14:52 | Construir | House |
| 14:58 | Crear | Scout Cavalry |
| 14:58 | Crear | Scout Cavalry |
| 15:45 | Crear | Scout Cavalry |
| 15:45 | Crear | Scout Cavalry |
| 16:45 | Construir | Archery Range |
| 16:52 | Crear | Villager (Male) |
| 16:54 | Edad | Edad de los Castillos |
| 16:55 | Investigar | Fletching |
| 17:39 | Crear | Villager (Male) |
| 17:45 | Crear | Villager (Male) |
| 17:55 | Investigar | Bodkin Arrow |
| 18:05 | Crear | Villager (Male) |
| 18:11 | Construir | House |
| 18:27 | Construir | Palisade Wall |
| 18:28 | Construir | Palisade Wall |
| 18:31 | Crear | Villager (Male) |
| 18:32 | Construir | Palisade Wall |
| 18:36 | Construir | Palisade Wall |
| 18:37 | Crear | Villager (Male) |
| 18:49 | Crear | Cavalry Archer |
| 18:58 | Crear | Villager (Male) |
| 19:10 | Construir | Town Center |
| 19:54 | Construir | Town Center |
| 20:04 | Investigar | Wheelbarrow |
| 20:04 | Investigar | Wheelbarrow |
| 20:04 | Investigar | Wheelbarrow |
| 20:41 | Crear | Villager (Male) |
| 21:13 | Crear | Villager (Male) |
| 21:34 | Crear | Villager (Male) |
| 21:38 | Investigar | Town Watch |
| 21:39 | Investigar | Town Watch |
| 21:54 | Crear | Villager (Male) |
| 22:09 | Crear | Villager (Male) |
| 22:13 | Crear | Villager (Male) |
| 22:15 | Crear | Villager (Male) |
| 22:27 | Crear | Villager (Male) |
| 22:27 | Crear | Villager (Male) |
| 22:28 | Crear | Villager (Male) |
| 23:09 | Crear | Villager (Male) |
| 23:22 | Construir | Farm |
| 23:24 | Construir | Farm |
| 23:40 | Crear | Villager (Male) |
| 23:49 | Construir | Town Center |
| 23:53 | Crear | Villager (Male) |
| 24:06 | Crear | Villager (Male) |
| 24:06 | Crear | Villager (Male) |
| 24:15 | Construir | Farm |
| 24:27 | Crear | Villager (Male) |
| 24:37 | Construir | House |
| 24:42 | Construir | House |
| 24:42 | Construir | House |
| 24:44 | Investigar | Town Watch |
| 24:54 | Crear | Villager (Male) |
| 25:01 | Crear | Villager (Male) |
| 25:05 | Crear | Villager (Male) |
| 25:09 | Construir | Farm |
| 25:10 | Construir | Farm |
| 25:12 | Crear | Villager (Male) |
| 25:14 | Construir | Farm |
| 25:16 | Construir | Farm |
| 25:19 | Construir | Farm |
| 25:25 | Construir | House |
| 25:27 | Crear | Villager (Male) |
| 25:40 | Crear | Villager (Male) |
| 25:40 | Crear | Villager (Male) |
| 25:44 | Construir | Farm |
| 25:52 | Construir | Farm |
| 25:54 | Construir | Farm |
| 25:56 | Construir | Farm |
| 26:01 | Construir | Archery Range |
| 26:02 | Crear | Villager (Male) |
| 26:02 | Crear | Villager (Male) |
| 26:14 | Construir | Mining Camp |
| 26:19 | Crear | Villager (Male) |
| 26:19 | Crear | Villager (Male) |
| 26:31 | Construir | Farm |
| 26:33 | Construir | Farm |
| 26:37 | Construir | House |
| 26:37 | Construir | House |
| 26:38 | Construir | House |
| 26:39 | Crear | Villager (Male) |
| 26:39 | Crear | Villager (Male) |
| 26:40 | Crear | Villager (Male) |
| 26:40 | Crear | Villager (Male) |
| 26:59 | Crear | Villager (Male) |
| 27:01 | Construir | Farm |
| 27:03 | Construir | Farm |
| 27:07 | Crear | Skirmisher |
| 27:09 | Construir | Farm |
| 27:11 | Construir | Farm |
Build order — IOCQ
Primeras 150 de 167 acciones detectadas
| 0:11 | Construir | House |
| 0:18 | Construir | Town Center |
| 2:41 | Crear | Villager (Male) |
| 2:41 | Crear | Villager (Male) |
| 2:41 | Crear | Villager (Male) |
| 2:42 | Crear | Villager (Male) |
| 2:42 | Crear | Villager (Male) |
| 2:50 | Construir | House |
| 3:39 | Construir | House |
| 4:26 | Crear | Villager (Male) |
| 4:26 | Crear | Villager (Male) |
| 4:39 | Crear | Villager (Male) |
| 4:39 | Crear | Villager (Male) |
| 4:39 | Crear | Villager (Male) |
| 4:40 | Crear | Villager (Male) |
| 5:07 | Construir | Lumber Camp |
| 5:20 | Crear | Villager (Male) |
| 5:20 | Crear | Villager (Male) |
| 5:20 | Crear | Villager (Male) |
| 5:20 | Crear | Villager (Male) |
| 5:54 | Crear | Villager (Male) |
| 5:54 | Crear | Villager (Male) |
| 6:25 | Construir | House |
| 6:26 | Construir | House |
| 6:32 | Crear | Villager (Male) |
| 6:32 | Crear | Villager (Male) |
| 6:51 | Construir | House |
| 7:03 | Crear | Villager (Male) |
| 7:04 | Crear | Villager (Male) |
| 7:08 | Construir | House |
| 7:52 | Construir | Mill |
| 7:57 | Crear | Villager (Male) |
| 7:57 | Crear | Villager (Male) |
| 7:58 | Crear | Villager (Male) |
| 7:58 | Crear | Villager (Male) |
| 7:58 | Crear | Villager (Male) |
| 8:03 | Construir | House |
| 8:19 | Construir | House |
| 8:58 | Crear | Villager (Male) |
| 9:32 | Construir | Mining Camp |
| 9:50 | Investigar | Feudal Age |
| 9:55 | Investigar | Loom |
| 9:55 | Crear | Villager (Male) |
| 12:26 | Edad | Edad Feudal |
| 12:28 | Construir | Market |
| 12:31 | Construir | Blacksmith |
| 12:35 | Construir | Palisade Wall |
| 12:56 | Investigar | Double-Bit Axe |
| 13:07 | Construir | Palisade Gate |
| 13:18 | Investigar | Castle Age |
| 13:56 | Construir | House |
| 13:58 | Construir | House |
| 14:08 | Construir | Palisade Wall |
| 14:23 | Investigar | Town Watch |
| 14:27 | Investigar | Fletching |
| 14:33 | Construir | House |
| 14:35 | Construir | House |
| 14:36 | Construir | House |
| 14:42 | Construir | Palisade Wall |
| 15:58 | Edad | Edad de los Castillos |
| 16:11 | Construir | Castle |
| 16:19 | Crear | Villager (Male) |
| 16:20 | Crear | Villager (Male) |
| 16:20 | Crear | Villager (Male) |
| 16:20 | Crear | Villager (Male) |
| 16:20 | Crear | Villager (Male) |
| 16:59 | Construir | Town Center |
| 17:26 | Crear | Villager (Male) |
| 17:56 | Crear | Villager (Male) |
| 17:56 | Crear | Villager (Male) |
| 18:04 | Crear | Mangudai |
| 18:29 | Crear | Villager (Male) |
| 18:30 | Crear | Villager (Male) |
| 18:42 | Crear | Mangudai |
| 18:53 | Crear | Villager (Male) |
| 19:10 | Crear | Mangudai |
| 19:10 | Crear | Villager (Male) |
| 19:26 | Crear | Mangudai |
| 19:32 | Construir | Farm |
| 19:54 | Crear | Mangudai |
| 19:56 | Crear | Villager (Male) |
| 19:59 | Construir | Farm |
| 20:12 | Crear | Villager (Male) |
| 20:14 | Construir | Farm |
| 20:18 | Crear | Mangudai |
| 20:34 | Construir | Farm |
| 20:39 | Construir | Farm |
| 20:43 | Crear | Villager (Male) |
| 20:58 | Crear | Mangudai |
| 21:06 | Crear | Villager (Male) |
| 21:18 | Crear | Villager (Male) |
| 21:26 | Crear | Mangudai |
| 21:32 | Crear | Villager (Male) |
| 21:40 | Construir | Barracks |
| 21:46 | Crear | Villager (Male) |
| 21:59 | Construir | Palisade Gate |
| 22:06 | Crear | Villager (Male) |
| 22:08 | Crear | Mangudai |
| 22:19 | Crear | Villager (Male) |
| 22:36 | Crear | Mangudai |
| 22:42 | Crear | Villager (Male) |
| 22:54 | Construir | Stable |
| 23:03 | Crear | Villager (Male) |
| 23:17 | Crear | Villager (Male) |
| 23:28 | Construir | Siege Workshop |
| 23:42 | Construir | Mill |
| 23:45 | Crear | Villager (Male) |
| 23:54 | Crear | Scorpion |
| 24:06 | Crear | Mangudai |
| 24:06 | Crear | Mangudai |
| 24:12 | Investigar | Bloodlines |
| 24:17 | Construir | Lumber Camp |
| 24:37 | Construir | Watch Tower |
| 24:44 | Crear | Villager (Male) |
| 25:06 | Crear | Villager (Male) |
| 25:39 | Crear | Villager (Male) |
| 25:39 | Crear | Villager (Male) |
| 25:47 | Construir | Farm |
| 25:48 | Construir | Farm |
| 25:48 | Construir | Farm |
| 25:49 | Construir | Farm |
| 25:51 | Construir | Farm |
| 25:59 | Construir | Siege Workshop |
| 26:13 | Crear | Battering Ram |
| 26:19 | Crear | Villager (Male) |
| 26:19 | Crear | Villager (Male) |
| 26:31 | Crear | Villager (Male) |
| 26:32 | Crear | Villager (Male) |
| 26:37 | Crear | Mangudai |
| 26:45 | Construir | Mill |
| 27:02 | Crear | Mangudai |
| 27:05 | Crear | Battering Ram |
| 27:05 | Crear | Battering Ram |
| 27:09 | Crear | Villager (Male) |
| 27:09 | Crear | Villager (Male) |
| 27:34 | Investigar | Bodkin Arrow |
| 27:49 | Crear | Mangudai |
| 27:50 | Crear | Mangudai |
| 27:55 | Crear | Villager (Male) |
| 28:02 | Crear | Battering Ram |
| 28:03 | Crear | Battering Ram |
| 28:20 | Crear | Villager (Male) |
| 28:21 | Crear | Villager (Male) |
| 28:23 | Crear | Mangudai ×3 |
| 28:28 | Investigar | Padded Archer Armor |
| 28:41 | Construir | Farm |
| 28:51 | Crear | Battering Ram |
| 28:51 | Crear | Battering Ram |
| 29:00 | Crear | Villager (Male) |
| 29:01 | Crear | Villager (Male) |
Build order — DugTheDog
Primeras 150 de 290 acciones detectadas
| 0:07 | Construir | Town Center |
| 1:55 | Construir | House |
| 1:57 | Construir | House |
| 2:06 | Construir | House |
| 2:10 | Construir | House |
| 2:15 | Construir | House |
| 2:16 | Crear | Villager (Male) |
| 2:16 | Crear | Villager (Male) |
| 2:16 | Crear | Villager (Male) |
| 2:20 | Crear | Villager (Male) |
| 2:20 | Crear | Villager (Male) |
| 2:20 | Crear | Villager (Male) |
| 3:06 | Crear | Villager (Male) |
| 3:50 | Crear | Villager (Male) |
| 4:06 | Crear | Villager (Male) |
| 4:06 | Crear | Villager (Male) |
| 4:41 | Crear | Villager (Male) |
| 4:56 | Construir | Settlement |
| 5:00 | Crear | Villager (Male) |
| 5:09 | Crear | Villager (Male) |
| 5:10 | Crear | Villager (Male) |
| 5:37 | Crear | Villager (Male) |
| 5:59 | Crear | Villager (Male) |
| 5:59 | Crear | Villager (Male) |
| 6:11 | Crear | Villager (Male) |
| 7:00 | Crear | Villager (Male) |
| 7:00 | Crear | Villager (Male) |
| 7:14 | Construir | Settlement |
| 7:30 | Construir | House |
| 7:47 | Crear | Villager (Male) |
| 8:07 | Crear | Villager (Male) |
| 8:43 | Crear | Villager (Male) |
| 9:11 | Construir | House |
| 9:20 | Construir | House |
| 9:26 | Construir | House |
| 9:30 | Crear | Villager (Male) |
| 9:39 | Construir | House |
| 9:55 | Construir | House |
| 10:11 | Crear | Villager (Male) |
| 10:17 | Investigar | Loom |
| 10:17 | Investigar | Feudal Age |
| 11:08 | Crear | Villager (Male) |
| 12:04 | Crear | Villager (Male) |
| 12:31 | Construir | House |
| 12:47 | Construir | House |
| 12:56 | Crear | Villager (Male) |
| 13:11 | Edad | Edad Feudal |
| 13:16 | Construir | Market |
| 13:20 | Construir | Blacksmith |
| 13:27 | Crear | Villager (Male) |
| 13:33 | Crear | Skirmisher |
| 13:35 | Investigar | Double-Bit Axe |
| 13:35 | Investigar | Double-Bit Axe |
| 13:54 | Crear | Spearman |
| 14:00 | Construir | House |
| 14:04 | Construir | House |
| 14:07 | Investigar | Castle Age |
| 14:07 | Investigar | Castle Age |
| 14:18 | Construir | House |
| 14:20 | Construir | Palisade Wall |
| 14:51 | Construir | Barracks |
| 14:54 | Crear | Villager (Male) |
| 15:20 | Investigar | Fletching |
| 15:20 | Investigar | Padded Archer Armor |
| 15:20 | Investigar | Padded Archer Armor |
| 15:24 | Construir | Settlement |
| 15:28 | Construir | Settlement |
| 15:33 | Construir | Settlement |
| 15:47 | Crear | Villager (Male) |
| 16:15 | Investigar | Horse Collar |
| 16:24 | Construir | Archery Range |
| 16:47 | Edad | Edad de los Castillos |
| 16:51 | Investigar | Bodkin Arrow |
| 16:52 | Investigar | Bodkin Arrow |
| 16:54 | Investigar | Bow Saw |
| 16:54 | Investigar | Bow Saw |
| 17:09 | Construir | Archery Range |
| 17:15 | Crear | Villager (Male) |
| 17:16 | Crear | Bolas Rider |
| 17:17 | Crear | Bolas Rider |
| 17:33 | Crear | Bolas Rider |
| 17:48 | Crear | Bolas Rider |
| 17:56 | Crear | Bolas Rider |
| 17:58 | Crear | Villager (Male) |
| 17:59 | Crear | Villager (Male) |
| 18:09 | Crear | Bolas Rider |
| 18:24 | Crear | Bolas Rider |
| 18:24 | Crear | Bolas Rider |
| 18:32 | Crear | Villager (Male) |
| 18:43 | Crear | Bolas Rider |
| 19:02 | Crear | Villager (Male) |
| 19:05 | Construir | Town Center |
| 19:40 | Crear | Bolas Rider |
| 19:40 | Crear | Bolas Rider |
| 19:40 | Crear | Villager (Male) |
| 19:41 | Crear | Villager (Male) |
| 19:41 | Crear | Villager (Male) |
| 20:05 | Crear | Bolas Rider |
| 20:05 | Crear | Bolas Rider |
| 20:06 | Crear | Villager (Male) |
| 20:20 | Construir | House |
| 20:23 | Crear | Villager (Male) |
| 20:32 | Construir | Town Center |
| 20:34 | Crear | Villager (Male) |
| 20:34 | Crear | Villager (Male) |
| 20:49 | Crear | Bolas Rider |
| 20:49 | Crear | Bolas Rider |
| 20:55 | Crear | Villager (Male) |
| 21:05 | Crear | Villager (Male) |
| 21:11 | Crear | Bolas Rider |
| 21:20 | Construir | House |
| 21:27 | Crear | Villager (Male) |
| 21:28 | Crear | Bolas Rider |
| 21:28 | Crear | Bolas Rider |
| 21:39 | Construir | Farm |
| 21:42 | Crear | Villager (Male) |
| 21:46 | Investigar | Horse Collar |
| 21:50 | Crear | Bolas Rider |
| 21:50 | Crear | Bolas Rider |
| 21:59 | Crear | Villager (Male) |
| 22:20 | Crear | Bolas Rider |
| 22:20 | Crear | Bolas Rider |
| 22:31 | Crear | Villager (Male) |
| 22:34 | Construir | House |
| 22:35 | Construir | House |
| 22:37 | Crear | Villager (Male) |
| 22:37 | Crear | Villager (Male) |
| 22:39 | Crear | Villager (Male) |
| 23:02 | Crear | Bolas Rider |
| 23:02 | Crear | Bolas Rider |
| 23:03 | Crear | Villager (Male) |
| 23:03 | Crear | Villager (Male) |
| 23:03 | Crear | Villager (Male) |
| 23:15 | Crear | Bolas Rider |
| 23:16 | Crear | Bolas Rider |
| 23:16 | Crear | Villager (Male) |
| 23:16 | Crear | Villager (Male) |
| 23:17 | Crear | Villager (Male) |
| 23:28 | Construir | Settlement |
| 23:35 | Crear | Villager (Male) |
| 23:49 | Construir | House |
| 23:49 | Construir | House |
| 23:53 | Crear | Villager (Male) |
| 23:53 | Crear | Villager (Male) |
| 24:01 | Crear | Bolas Rider |
| 24:01 | Crear | Bolas Rider |
| 24:02 | Crear | Bolas Rider |
| 24:06 | Construir | House |
| 24:07 | Construir | House |
| 24:30 | Construir | Farm |
Build order — PIGGY FOR AGE
120 acciones detectadas en el replay
| 0:11 | Construir | Town Center |
| 1:37 | Construir | House |
| 2:24 | Crear | Villager (Male) ×4 |
| 3:05 | Construir | House |
| 3:22 | Construir | House |
| 3:36 | Construir | House |
| 3:48 | Crear | Villager (Male) |
| 4:24 | Construir | House |
| 4:33 | Crear | Villager (Male) |
| 4:33 | Crear | Villager (Male) |
| 5:04 | Crear | Villager (Male) |
| 5:04 | Crear | Villager (Male) |
| 5:32 | Construir | Lumber Camp |
| 5:55 | Crear | Villager (Male) ×3 |
| 5:55 | Crear | Villager (Male) ×3 |
| 7:11 | Crear | Villager (Male) |
| 7:35 | Crear | Villager (Male) |
| 8:00 | Crear | Villager (Male) |
| 8:09 | Construir | Mill |
| 8:31 | Crear | Villager (Male) |
| 8:38 | Investigar | Loom |
| 9:19 | Construir | Mining Camp |
| 9:21 | Crear | Villager (Male) |
| 9:22 | Crear | Villager (Male) |
| 9:42 | Crear | Villager (Male) |
| 9:59 | Construir | House |
| 10:29 | Construir | Mining Camp |
| 10:37 | Crear | Villager (Male) |
| 10:57 | Investigar | Feudal Age |
| 12:25 | Crear | Villager (Male) |
| 12:25 | Crear | Villager (Male) |
| 13:12 | Edad | Edad Feudal |
| 13:17 | Construir | Market |
| 13:21 | Construir | Blacksmith |
| 14:08 | Investigar | Castle Age |
| 14:09 | Investigar | Castle Age |
| 14:09 | Investigar | Castle Age |
| 14:21 | Investigar | Double-Bit Axe |
| 14:22 | Investigar | Double-Bit Axe |
| 14:38 | Construir | Palisade Wall |
| 15:10 | Construir | House |
| 15:13 | Construir | Palisade Wall |
| 15:14 | Construir | Palisade Wall |
| 15:17 | Construir | Palisade Wall |
| 15:29 | Construir | House |
| 15:45 | Construir | House |
| 16:00 | Investigar | Gold Mining |
| 16:01 | Investigar | Fletching |
| 16:48 | Edad | Edad de los Castillos |
| 16:50 | Construir | Castle |
| 16:53 | Crear | Villager (Male) |
| 16:57 | Investigar | Bow Saw |
| 17:31 | Crear | Villager (Male) |
| 17:43 | Construir | Farm |
| 17:46 | Construir | Farm |
| 17:47 | Investigar | Horse Collar |
| 17:53 | Construir | Farm |
| 17:58 | Crear | Villager (Male) |
| 17:58 | Crear | Villager (Male) |
| 18:10 | Crear | Rattan Archer |
| 18:10 | Crear | Rattan Archer |
| 18:10 | Crear | Rattan Archer |
| 18:25 | Crear | Villager (Male) |
| 18:47 | Crear | Villager (Male) |
| 19:08 | Crear | Villager (Male) |
| 19:11 | Construir | Town Center |
| 19:15 | Crear | Rattan Archer |
| 19:26 | Construir | Farm |
| 19:29 | Construir | Farm |
| 19:46 | Investigar | Wheelbarrow |
| 20:06 | Crear | Villager (Male) |
| 20:14 | Crear | Rattan Archer |
| 20:32 | Crear | Rattan Archer |
| 20:33 | Crear | Villager (Male) |
| 20:45 | Crear | Rattan Archer |
| 21:15 | Crear | Villager (Male) |
| 21:16 | Crear | Villager (Male) |
| 21:19 | Crear | Villager (Male) |
| 21:24 | Construir | Farm |
| 21:27 | Crear | Villager (Male) |
| 21:49 | Crear | Villager (Male) |
| 21:49 | Crear | Rattan Archer |
| 21:56 | Crear | Villager (Male) |
| 22:33 | Crear | Villager (Male) |
| 22:35 | Investigar | Padded Archer Armor |
| 22:35 | Investigar | Padded Archer Armor |
| 22:37 | Investigar | Bodkin Arrow |
| 22:37 | Investigar | Bodkin Arrow |
| 22:38 | Investigar | Bodkin Arrow |
| 22:44 | Construir | Mining Camp |
| 22:56 | Crear | Villager (Male) |
| 22:57 | Crear | Rattan Archer |
| 22:58 | Crear | Villager (Male) |
| 23:08 | Crear | Villager (Male) |
| 23:43 | Crear | Rattan Archer |
| 23:43 | Crear | Rattan Archer |
| 23:43 | Crear | Rattan Archer |
| 23:48 | Investigar | Padded Archer Armor |
| 23:48 | Investigar | Padded Archer Armor |
| 23:58 | Construir | Siege Workshop |
| 24:16 | Crear | Villager (Male) |
| 24:16 | Crear | Villager (Male) |
| 24:16 | Crear | Villager (Male) |
| 24:26 | Crear | Villager (Male) |
| 24:31 | Construir | Castle |
| 24:47 | Crear | Mangonel |
| 25:15 | Crear | Rattan Archer |
| 25:16 | Crear | Rattan Archer |
| 25:16 | Crear | Rattan Archer |
| 26:07 | Crear | Mangonel |
| 26:29 | Crear | Villager (Male) |
| 27:00 | Crear | Rattan Archer |
| 27:00 | Crear | Rattan Archer |
| 27:09 | Crear | Villager (Male) |
| 27:23 | Crear | Rattan Archer |
| 27:25 | Crear | Rattan Archer |
| 27:25 | Crear | Rattan Archer |
| 27:39 | Crear | Mangonel |
| 27:44 | Crear | Villager (Male) |
| 27:57 | Construir | Lumber Camp |
Cronología de la partida
| 1:27 | Zionic · wall_segment Palisade Wall x1 |
| 1:30 | Zionic · wall_segment Palisade Wall x1 |
| 1:34 | Zionic · wall_segment Palisade Wall x1 |
| 4:05 | Stratioti · wall_segment Palisade Wall x1 |
| 4:09 | Stratioti · wall_segment Palisade Wall x1 |
| 4:13 | Stratioti · wall_segment Palisade Wall x1 |
| 4:19 | Stratioti · wall_segment Palisade Wall x1 |
| 4:22 | Stratioti · wall_segment Palisade Wall x1 |
| 4:25 | Stratioti · wall_segment Palisade Wall x1 |
| 4:28 | Stratioti · wall_segment Palisade Wall x1 |
| 4:33 | Stratioti · wall_segment Palisade Wall x1 |
| 5:34 | b站帝国时代2骑士老爷 · wall_segment Palisade Wall x1 |
| 7:29 | Stratioti · wall_segment Palisade Wall x1 |
| 8:13 | Stratioti · wall_segment Palisade Wall x1 |
| 8:19 | Stratioti · wall_segment Palisade Wall x1 |
| 8:29 | T · wall_segment Palisade Wall x1 |
| 8:29 | Stratioti · wall_segment Palisade Wall x1 |
| 9:02 | T · wall_segment Palisade Wall x1 |
| 9:30 | T · wall_segment Palisade Wall x11 |
| 9:39 | 雕牌洗衣粉 · first_building Barracks |
| 9:41 | b站帝国时代2骑士老爷 · wall_segment Palisade Wall x1 |
| 10:19 | Stratioti · wall_segment Palisade Wall x1 |
| 10:21 | Stratioti · wall_segment Palisade Wall x1 |
| 10:24 | Stratioti · wall_segment Palisade Wall x12 |
| 11:37 | 雕牌洗衣粉 · age_up feudal |
| 11:41 | 雕牌洗衣粉 · first_building Stable |
| 12:16 | Zionic · first_building Barracks |
| 12:26 | IOCQ · age_up feudal |
| 12:35 | IOCQ · wall_segment Palisade Wall x5 |
| 13:01 | b站帝国时代2骑士老爷 · age_up feudal |
| 13:03 | 雕牌洗衣粉 · wall_segment Palisade Wall x5 |
| 13:03 | Stratioti · wall_segment Palisade Wall x1 |
| 13:09 | Stratioti · wall_segment Palisade Wall x1 |
| 13:11 | DugTheDog · age_up feudal |
| 13:12 | PIGGY FOR AGE · age_up feudal |
| 13:23 | T · age_up feudal |
| 13:24 | Zionic · age_up feudal |
| 13:26 | Zionic · first_building Stable |
| 13:31 | b站帝国时代2骑士老爷 · wall_segment Palisade Wall x1 |
| 13:55 | T · wall_segment Palisade Wall x7 |
| 14:00 | T · wall_segment Palisade Wall x4 |
| 14:03 | T · wall_segment Palisade Wall x3 |
| 14:05 | T · wall_segment Palisade Wall x5 |
| 14:06 | Stratioti · age_up feudal |
| 14:07 | T · wall_segment Palisade Wall x1 |
| 14:08 | IOCQ · wall_segment Palisade Wall x10 |
| 14:20 | DugTheDog · wall_segment Palisade Wall x1 |
| 14:27 | Zionic · wall_segment Palisade Wall x1 |
| 14:38 | PIGGY FOR AGE · wall_segment Palisade Wall x19 |
| 14:42 | IOCQ · wall_segment Palisade Wall x1 |
| 14:47 | Stratioti · wall_segment Palisade Wall x2 |
| 14:51 | DugTheDog · first_building Barracks |
| 15:13 | PIGGY FOR AGE · wall_segment Palisade Wall x1 |
| 15:14 | PIGGY FOR AGE · wall_segment Palisade Wall x1 |
| 15:17 | PIGGY FOR AGE · wall_segment Palisade Wall x1 |
| 15:20 | Stratioti · wall_segment Palisade Wall x1 |
| 15:58 | IOCQ · age_up castle |
| 16:11 | IOCQ · first_building Castle |
| 16:24 | DugTheDog · first_building Archery Range |
| 16:34 | T · wall_segment Palisade Wall x1 |
| 16:36 | b站帝国时代2骑士老爷 · age_up castle |
| 16:45 | Zionic · first_building Archery Range |
| 16:47 | DugTheDog · age_up castle |
| 16:48 | PIGGY FOR AGE · age_up castle |
| 16:50 | PIGGY FOR AGE · first_building Castle |
| 16:54 | Zionic · age_up castle |
| 16:56 | PIGGY FOR AGE · first_market_sell 100 wood |
| 16:56 | PIGGY FOR AGE · first_market_buy 100 food |
| 17:18 | T · age_up castle |
| 17:27 | Stratioti · wall_segment Palisade Wall x14 |
| 17:36 | T · first_building Castle |
| 17:38 | Stratioti · age_up castle |
| 17:55 | b站帝国时代2骑士老爷 · first_building Castle |
| 18:27 | Zionic · wall_segment Palisade Wall x1 |
| 18:28 | Zionic · wall_segment Palisade Wall x1 |
| 18:28 | IOCQ · first_market_buy 100 food |
| 18:30 | b站帝国时代2骑士老爷 · first_market_buy 100 food |
| 18:31 | T · first_building Monastery |
| 18:32 | Zionic · wall_segment Palisade Wall x1 |
| 18:36 | Zionic · wall_segment Palisade Wall x1 |
| 18:49 | Stratioti · first_building Castle |
| 19:28 | Stratioti · wall_segment Palisade Wall x1 |
| 19:35 | T · wall_segment Stone Wall x4 |
| 19:52 | Stratioti · first_market_buy 100 food |
| 19:56 | Stratioti · wall_segment Palisade Wall x1 |
| 20:02 | Stratioti · wall_segment Palisade Wall x1 |
| 20:02 | Stratioti · wall_segment Palisade Wall x1 |
| 20:56 | b站帝国时代2骑士老爷 · first_building Siege Workshop |
| 21:40 | IOCQ · first_building Barracks |
| 21:47 | T · wall_segment Stone Wall x1 |
| 22:44 | T · wall_segment Stone Wall x7 |
| 22:52 | T · wall_segment Stone Wall x1 |
| 22:54 | IOCQ · first_building Stable |
| 23:28 | IOCQ · first_building Siege Workshop |
| 23:48 | 雕牌洗衣粉 · age_up castle |
| 23:58 | PIGGY FOR AGE · first_building Siege Workshop |
| 24:10 | T · wall_segment Stone Wall x1 |
| 25:40 | DugTheDog · wall_segment Palisade Wall x1 |
| 25:54 | IOCQ · first_market_sell 100 wood |
| 26:25 | 雕牌洗衣粉 · first_market_buy 100 stone |
| 27:23 | b站帝国时代2骑士老爷 · first_building Barracks |
| 27:40 | b站帝国时代2骑士老爷 · first_building Monastery |
| 27:50 | T · first_market_buy 100 wood |
| 29:16 | DugTheDog · first_market_buy 100 food |
| 29:16 | 雕牌洗衣粉 · resign |
| 29:40 | b站帝国时代2骑士老爷 · first_building Stable |
| 29:46 | b站帝国时代2骑士老爷 · wall_segment Stone Wall x8 |
| 29:57 | b站帝国时代2骑士老爷 · wall_segment Stone Wall x13 |
| 30:01 | b站帝国时代2骑士老爷 · wall_segment Stone Wall x17 |
| 30:06 | b站帝国时代2骑士老爷 · wall_segment Stone Wall x17 |
| 30:11 | b站帝国时代2骑士老爷 · wall_segment Stone Wall x18 |
| 30:17 | T · wall_segment Palisade Wall x1 |
| 30:17 | b站帝国时代2骑士老爷 · wall_segment Stone Wall x32 |
| 30:28 | b站帝国时代2骑士老爷 · wall_segment Stone Wall x1 |
| 30:29 | b站帝国时代2骑士老爷 · wall_segment Stone Wall x1 |
| 30:48 | Stratioti · wall_segment Palisade Wall x1 |
| 30:56 | Zionic · first_building Castle |
| 31:22 | b站帝国时代2骑士老爷 · wall_segment Stone Wall x20 |
| 31:39 | Stratioti · first_building Barracks |
| 32:05 | DugTheDog · first_building Castle |
| 32:11 | T · wall_segment Stone Wall x4 |
[ ANÁLISIS IA · 1 CRÉDITO ]
¿Qué pasó realmente en esta partida?
Wolo.gg analiza cada decisión: build order, eco, micro, errores típicos por bracket. Análisis personalizado por WhatsApp o Discord en 30 segundos.
Guía civ
Maya
Perfil
Jugador #692328